 Dungeon Crawl Stone Soup version 0.24-a0-537-g2d01d4ab0a (webtiles) character file.

Game seed: 1638703954310254089

77 Chiseanne the Ducker (level 4, -5/24 HPs)
             Began as a Spriggan Berserker on Aug 12, 2019.
             Was a Believer of Trog.
             Slain by a gnoll
             ... wielding a +0 halberd
              (16 damage)
             ... on level 2 of the Dungeon.
             The game lasted 00:02:53 (940 turns).

Chiseanne the Ducker (Spriggan Berserker)            Turns: 940, Time: 00:02:54

Health: -5/24      AC:  2    Str: 13    XL:     4   Next: 13%
Magic:  5/5        EV: 21    Int:  8    God:    Trog [**....]
Gold:   69         SH:  0    Dex: 16    Spells: 3/3 levels left

rFire    . . .     SeeInvis +   a - +0 hand axe
rCold    . . .     Gourm    .   (shield restricted)
rNeg     . . .     Faith    .   b - +0 animal skin
rPois    .         Spirit   .   (helmet restricted)
rElec    .         Reflect  .   (no cloak)
rCorr    .         Harm     .   (gloves unavailable)
MR       .....                  (boots unavailable)
Stlth    +.........             (no amulet)
HPRegen  0.08/turn              (no ring)
MPRegen  0.09/turn              (no ring)

@: very quick
A: very small, unfitting armour, see invisible, herbivore, speed 3, slow
metabolism 2
a: Berserk, Trog's Hand, Renounce Religion


You were on level 2 of the Dungeon.
You worshipped Trog.
Trog was pleased with you.
You were not hungry.

You visited 1 branch of the dungeon, and saw 2 of its levels.

You collected 69 gold pieces.

Inventory:

Hand Weapons
 a - a +0 hand axe (weapon)
 l - a +0 flail
Missiles
 k - 20 arrows
Armour
 b - a +0 animal skin (worn)
Scrolls
 d - a scroll of fog {unknown}
 e - a scroll of teleportation {unknown}
 f - a scroll of identify {unknown}
 i - a scroll of enchant weapon {unknown}
Potions
 g - a potion of cancellation {unknown}
 h - a potion of brilliance {unknown}
Comestibles
 c - 3 rations


   Skills:
 * Level 3.0 Fighting
 * Level 3.0 Axes
 * Level 1.1 Throwing
 * Level 5.3 Dodging


You had 3 spell levels left.
You didn't know any spells.
Your spell library was empty.

Dungeon Overview and Level Annotations

Branches:
Dungeon (2/15)

Altars:
Cheibriados


Innate Abilities, Weirdness & Mutations

You are very small and have problems with some larger weapons.
You are too small for most types of armour.
You have supernaturally acute eyesight. (SInv)
You are a herbivore.
You cover ground extremely quickly.
You need to consume almost no food.


Message History

A giant cockroach comes into view.
The bat misses you. x2; The hobgoblin misses you.
Things that are here:
a +0 short sword; a poisoned dart; an adder corpse You hit the hobgoblin.
The hobgoblin is severely wounded.
You hit the bat. The bat completely misses you.
The hobgoblin completely misses you.
You hit the hobgoblin.
You kill the hobgoblin!
Trog accepts your kill.
You barely miss the giant cockroach. The giant cockroach misses you.
The bat completely misses you. The gnoll misses you.
You hit the bat.
You kill the bat!
Trog accepts your kill.
You closely miss the giant cockroach. The giant cockroach misses you.
The gnoll hits you from afar with a +0 halberd!
Ouch! That really hurt!
You die...

####.g##.##.#.w.#####.#
#......#.##..#####..
##..........g##.S...
#........#.S##.##(# ##
#........#..##.##.# ..
#........?........# #.
##gg...≈≈≈l######## ##.
#(s##≈≈≈≈≈.
#...##@.#_≈≈.≈≈.
#.....####≈≈≈≈≈ #...#.#
##≈≈l. ### #.# ###..
#.# ..# ... ###


You could see a gnoll, a giant cockroach and a goblin.

Vanquished Creatures
  3 gnolls (D:2)
  An adder (D:2)
  2 oozes (D:1)
  A dart slug (D:1)
  A leopard gecko (D:1)
  6 bats
  3 giant cockroaches
  2 goblins (D:1)
  3 hobgoblins
  2 frilled lizards (D:1)
  4 kobolds
  A rat (D:1)
29 creatures vanquished.

Notes
Turn   | Place    | Note
-------+----------+-------------------------------------------
     0 | D:1      | Chiseanne the Spriggan Berserker began the quest for the
                  | Orb.
     0 | D:1      | Reached XP level 1. HP: 11/11 MP: 2/2
   121 | D:1      | Reached XP level 2. HP: 13/16 MP: 3/3
   599 | D:1      | Reached skill level 5 in Dodging
   605 | D:1      | Reached XP level 3. HP: 18/19 MP: 4/4
   839 | D:2      | Found a snail-covered altar of Cheibriados.
   898 | D:2      | Reached skill level 1 in Throwing
   934 | D:2      | Reached ** piety under Trog
   936 | D:2      | Reached XP level 4. HP: 10/24 MP: 5/5
   940 | D:2      | Slain by a gnoll

Levels and vault maps discovered:
D:1:      dpeg_arrival_boxes_within_box, layout_loops_cross,
          minmay_tiny_reverse_x
D:2:      layout_loops_cross, kennysheep_slug_shrine

Skill      XL: |  1  2  3 |
---------------+----------+-----
Dodging        | 5 |  5.3
Fighting       | 3 |  3.0
Axes           | 3 |  3.0
Throwing       | 1 |  1.1

Action                   |  1- 3 |  4- 6 || total
-------------------------+-------+-------++-------
Melee: Hand axe          |    78 |     3 ||    81
Throw: Dart              |    37 |       ||    37
 Stab: Sleeping          |     1 |       ||     1
Armor: Animal skin       |    13 |       ||    13
Dodge: Dodged            |   133 |    10 ||   143

Table legend:
 A = Non-vault XP
 B = Vault XP
 C = Vault XP percentage of total XP
 D = Non-vault monster count
 E = Vault monster count
 F = Vault count percentage of total count
                 A         B        C        D         E       F
            +---------+---------+-------+---------+---------+-------
      Total |     103 |       7 |   6.4 |      27 |       2 |   6.9
            +---------+---------+-------+---------+---------+-------
        D:1 |      37 |       7 |  15.9 |      17 |       2 |  10.5
        D:2 |      66 |       0 |   0.0 |      10 |       0 |   0.0
            +---------+---------+-------+---------+---------+-------
